 Dungeon Sprint DCSS version 0.19-a0-277-g85cb9a5 (webtiles) character file.

1 pipel the Sneak (level 1, 9/9 HPs)
             Began as a Spriggan Enchanter on May 26, 2016.
             Quit the game in the Dungeon (Sprint VII: "The Pits").
             The game lasted 00:00:46 (49 turns).

pipel the Sneak (Spriggan Enchanter)                  Turns: 49, Time: 00:00:47

Health: 9/9        AC:  3    Str:  4    XL:     1   Next: 16%
Magic:  5/5        EV: 18    Int: 16    God:
Gold:   0          SH:  0    Dex: 16    Spells: 1 memorised, 5 levels left

rFire  . . .     SeeInvis +     a - +2 dagger
rCold  . . .     Gourm    .     b - +1 robe
rNeg   . . .     Faith    .     (shield restricted)
rPois  .         Spirit   .     (helmet restricted)
rElec  .         Dismiss  .     (no cloak)
rCorr  .         Reflect  .     (gloves unavailable)
SustAt .         Harm     .     (boots unavailable)
MR     .....     NoTele   +     (no amulet)
Stlth  +++.......               (no ring)
                                (no ring)

@: very quick, not resistant to hostile enchantments, fairly stealthy
A: unfitting armour, see invisible, herbivore 3, speed 3, slow metabolism 2
a: no special abilities


You were in the Dungeon.
You were not hungry.

You visited 1 branch

Inventory:

Hand Weapons
 a - a +2 dagger (weapon)
 k - a +1 dagger
Armour
 b - a +1 robe (worn)
Scrolls
 j - a scroll of blinking
 n - 3 scrolls of remove curse
 o - 5 scrolls of amnesia
 p - a scroll of summoning
Potions
 e - a potion of curing
 f - a potion of heal wounds
 g - a potion of haste
 h - 4 potions of magic
 i - 3 potions of berserk rage
 m - 2 potions of invisibility
Books
 c - a book of Maledictions

   Spells                             Type                      Level
   a - Corona                         Hexes                        1
   b - Ensorcelled Hibernation        Hexes/Ice                    2
   c - Confuse                        Hexes                        3
   d - Tukima's Dance                 Hexes                        3
   e - Dazzling Spray                 Conjuration/Hexes            3
Comestibles
 d - 8 bread rations
 l - 40 fruits


   Skills:
 + Level 1.1 Short Blades
 + Level 3.1 Dodging
 + Level 4.8 Stealth
 + Level 3.1 Spellcasting
 + Level 3.8 Hexes


You had 5 spell levels left.
You knew the following spells:

 Your Spells              Type           Power        Failure   Level  Hunger
a - Corona                Hex            ##.....      4%          1    #......


Dungeon Overview and Level Annotations

Branches:
Dungeon (1/1)

Altars:
Ashenzari
Cheibriados
Dithmenos
Elyvilon
Fedhas
Gozag
Kikubaaqudgha
Makhleb
Nemelex Xobeh
Okawaru
Pakellas
Qazlal
Ru
Sif Muna
Trog
Vehumet
Xom
Yredelemnul
Zin
The Shining One
Beogh
Jiyva
Lugonu


Innate Abilities, Weirdness & Mutations

You are tiny and cannot use many weapons and most armour.
You have supernaturally acute eyesight. (SInv)
You are a herbivore.
You cover ground extremely quickly.
You need consume almost no food.


Message History

There is a roughly hewn altar of Beogh here.
There is a viscous altar of Jiyva here.
There is a corrupted altar of Lugonu here.
There is a sparkling altar of Nemelex Xobeh here.
There is a shadowy altar of Dithmenos here.
There is an open door to the Temple (Safe) here.
You open the door.
Found four items.
There is an open door here.
l - 40 fruits;
d - 8 bread rations (gained 7)
You see here 7 meat rations.
h - 4 potions of magic (gained 2)
i - 3 potions of berserk rage (gained 2)
m - 2 potions of invisibility
Things that are here:
10 stones; an uncursed staff of energy
n - 3 scrolls of remove curse;
o - 5 scrolls of amnesia
p - a scroll of summoning You see here 2 scrolls of vulnerability.
Are you sure you want to abandon this character and quit the game? (Confirm with "yes".)

############
#__________#
#__________#
#_#####'##############++
#_#)).'.'%.##...........
#_#)))#.#@(##......#..#
#######'#####..........
#.........%.'...........
#+#####+#####......#..#.
#........... ####'#####+
#.......# #.......#
#.......#


There were no monsters in sight!

Vanquished Creatures
  A giant cockroach (D)
1 creature vanquished.

Notes
Turn   | Place    | Note
--------------------------------------------------------------
     0 | D        | pipel the Spriggan Enchanter began the quest for the Orb.
     0 | D        | Reached XP level 1. HP: 9/9 MP: 5/5
    27 | D        | Found a sacrificial altar of Ru.
    27 | D        | Found a basalt altar of Yredelemnul.
    27 | D        | Found a glowing golden altar of the Shining One.
    27 | D        | Found a deep blue altar of Sif Muna.
    27 | D        | Found a burning altar of Makhleb.
    27 | D        | Found an ancient bone altar of Kikubaaqudgha.
    27 | D        | Found a glowing silver altar of Zin.
    28 | D        | Found a shadowy altar of Dithmenos.
    28 | D        | Found a bloodstained altar of Trog.
    28 | D        | Found a shattered altar of Ashenzari.
    28 | D        | Found a white marble altar of Elyvilon.
    28 | D        | Found a snail-covered altar of Cheibriados.
    28 | D        | Found a blossoming altar of Fedhas.
    28 | D        | Found a radiant altar of Vehumet.
    28 | D        | Found a shimmering altar of Xom.
    28 | D        | Found a sparkling altar of Nemelex Xobeh.
    28 | D        | Found a corrupted altar of Lugonu.
    28 | D        | Found a viscous altar of Jiyva.
    28 | D        | Found a roughly hewn altar of Beogh.
    28 | D        | Found an iron altar of Okawaru.
    29 | D        | Found an oddly glowing altar of Pakellas.
    33 | D        | Found a stormy altar of Qazlal.
    33 | D        | Found an opulent altar of Gozag.
    49 | D        | Quit the game

Vault maps used:
D:        pitsprint

Skill      XL: |  1 |
---------------+----+-----
Spellcasting   | 3 |  3.1
Short Blades   | |  1.1
Dodging        | |  3.1
Stealth        | |  4.8
Hexes          | |  3.8

Action                   || total
-------------------------++-------
Melee: Dagger            ||     1
 Stab: Sleeping          ||     1
